AoeStats
← Omega

African Clearing

510518533Analyzed
4v4 RM · 1d ago on Oct 1, 2026· 34m 23s· 8 players
Game mode
Random Map
Map size
Large (8 player)
Population
200
Speed
Normal
Resources
Standard
Victory
Conquest
Starting age
Dark Age
Ending age
Imperial Age
RankedLock teamsTeams togetherTeam positionsShared explorationLock speedFull tech treeHidden civsTurbo modeCheats
Victory
Defeat
🇮🇹 Cumans · Italy
1197
+12
🇮🇹 Mongols · Italy
1063
+17
🇨🇳 Magyars · China
1052
+18
🇫🇷 Italians · France
1037
+18
🇨🇳 Franks · China
1111
-17
🇺🇸 Mongols · United States
1110
-17
🇨🇳 Huns · China
1108
-17
🇹🇼 Dravidians · Taiwan
1034
-14
Slayer30
12:24 Loom
14:10 Feudal Age
18:26 Castle Age
16:26 Double-Bit Axe
17:32 Stone Mining
17:34 Gold Mining
18:40 Wheelbarrow
18:35 Town Watch
21:08 Bow Saw
22:11 Horse Collar
23:06 Pikeman
29:04 Heavy Plow
31:28 Fletching
31:40 Padded Archer Armor
33:31 Hand Cart
36:22 Imperial Age
34:40 Scale Mail Armor
34:50 Forging
Omega
7:17 Loom
16:38 Feudal Age
18:48 Double-Bit Axe
19:08 Horse Collar
25:13 Wheelbarrow
24:25 Town Watch
29:21 Castle Age
28:06 Bloodlines
28:08 Forging
28:05 Scale Barding Armor
28:32 Gold Mining
28:35 Stone Mining
30:58 Bow Saw
30:50 Heavy Plow
31:46 Gold Shaft Mining
32:57 Iron Casting
34:05 Chain Barding Armor
Ottone il Grande
3:27 Loom
13:42 Feudal Age
19:16 Castle Age
18:15 Double-Bit Axe
24:00 Horse Collar
25:42 Padded Archer Armor
25:33 Fletching
27:18 Fletching
30:00 Bodkin Arrow
32:25 Leather Archer Armor
KISSSHOT
11:44 Feudal Age
12:23 Loom
13:48 Double-Bit Axe
16:41 Bloodlines
19:35 Scale Barding Armor
19:30 Loom
21:29 Wheelbarrow
24:14 Town Watch
29:54 Castle Age
27:45 Horse Collar
30:01 Light Cavalry
31:12 Chain Barding Armor
31:52 Husbandry
32:28 Bow Saw
32:27 Heavy Plow
Faelian the Unsuccessful
10:35 Loom
13:58 Feudal Age
15:20 Double-Bit Axe
18:10 Castle Age
27:55 Fletching
28:05 Padded Archer Armor
28:36 Bodkin Arrow
一直嬉皮笑臉
2:57 Loom
13:13 Feudal Age
13:43 Double-Bit Axe
14:43 Wheelbarrow
大象钻树林
13:52 Feudal Age
18:40 Castle Age
16:56 Double-Bit Axe
22:09 Wheelbarrow
24:42 Stone Mining
28:32 Husbandry
cihuncihome
6:57 Loom
16:02 Feudal Age
20:06 Castle Age
18:18 Double-Bit Axe
18:26 Gold Mining
21:40 Bow Saw
27:30 Squires
28:55 Wheelbarrow
28:29 Pikeman
31:38 Husbandry
32:46 Forging
Connection lost

Rejoining the realm…

Still unreachable

The connection could not be restored.

Session expired

The server has moved on; the page needs a fresh start.